 Dungeon Crawl Stone Soup version 0.21.1-1-g345015fe64 (webtiles) character file.

0 Gargoyl the Skirmisher (level 1, -19/19 HPs)
             Began as a Centaur Abyssal Knight on Feb 26, 2018.
             Was a Follower of Lugonu.
             Demolished by a cyan very ugly thing (25 damage)
             ... on level 2 of the Abyss.
             The game lasted 00:01:20 (1210 turns).

Gargoyl the Skirmisher (Centaur Abyssal Knight)     Turns: 1210, Time: 00:01:20

Health: -19/19     AC:  4    Str: 14    XL:     1   Next: 0%
Magic:  2/2        EV:  9    Int: 11    God:    Lugonu [*.....]
Gold:   10         SH:  0    Dex:  8    Spells: 0/0 levels left

rFire    . . .     SeeInvis .   a - +1 hand axe
rCold    . . .     Gourm    .   (no shield)
rNeg     . . .     Faith    .   b - +0 leather armour
rPois    .         Spirit   .   (no helmet)
rElec    .         Reflect  .   (no cloak)
rCorr    .         Harm     .   (no gloves)
MR       .....                  (no barding)
Stlth    ..........             (no amulet)
HPRegen  0.00/turn              (no ring)
MPRegen  0.08/turn              (no ring)

@: very quick
A: large, hooves 3, deformed body, speed 2, [inhibited regeneration], tough skin
3
a: Depart the Abyss, Renounce Religion


You were on level 2 of the Abyss.
You worshipped Lugonu.
Lugonu was aware of your devotion.
You were hungry.

You visited 0 branches of the dungeon, and saw 0 of its levels.
You visited the Abyss 1 time.

You collected 10 gold pieces.

Inventory:

Hand Weapons
 a - a +1 hand axe (weapon)
Armour
 b - a +0 leather armour (worn)
Comestibles
 c - a ration


   Skills:
 + Level 3.0 Fighting
 + Level 1.7 Axes
 + Level 1.3 Armour
 + Level 0.6 Dodging
 + Level 2.0 Invocations


You couldn't memorise any spells.
You didn't know any spells.

Dungeon Overview and Level Annotations

Branches:
Dungeon (0/15)

Altars:


Innate Abilities, Weirdness & Mutations

You have hooves in place of feet.
Armour fits poorly on your strangely shaped body.
You cover ground very quickly.
You have extremely tough skin. (AC +3)
[You do not regenerate when monsters are visible.]


Message History

The spatial maelstrom barely misses you.
The spatial vortex moves out of view.
The tormentor grins evilly.
The glowing orange brain blinks!
You feel yourself growing ill in the presence of the ancient zyme.
The starcursed mass shrieks in your mind.
The tormentor calls on the powers of darkness!
The glowing orange brain convulses!
The cyan very ugly thing convulses! x2
Your body is wracked with pain!
The cyan very ugly thing convulses! x2
The raiju convulses!
A spatial vortex and a small abomination come into view.
You hit the cyan very ugly thing.
The cyan very ugly thing is heavily wounded.
You hit the spatial maelstrom. The spatial maelstrom hits you.
You blink.
The wretched star pulses with an eldritch light!
Your regeneration stops near monsters.
The lich casts a spell.
The lich seems to speed up.
The cyan very ugly thing claws you!!
Ouch! That really hurt!
You die... 5# h3 *##34 *hXx Xh3

##uL# .# #
#vXW##X.##
####.#uWX3x≈.
##vu@ux2*G..
######v#Wv##
#


You could see 3 very ugly things, a tentacled starspawn, a lich, a spatial
maelstrom, 3 wretched stars, a glowing orange brain, 3 spatial vortices, 2 large
abominations, a smoke demon, a tormentor, 2 hungry ghosts, 2 raiju, 2 small
abominations, a shadow and an iron imp.

Vanquished Creatures (others)
  A raiju (Abyss:2)
1 creature vanquished.

Notes
Turn   | Place    | Note
-------+----------+-------------------------------------------
     0 | Abyss:1  | Gargoyl the Centaur Abyssal Knight began the quest for the Orb.
     0 | Abyss:1  | Reached XP level 1. HP: 19/19 MP: 2/2
     5 | Abyss:1  | Found a corrupted altar of Lugonu.
   434 | Abyss:2  | Noticed a sky beast
   443 | Abyss:2  | Noticed a starcursed mass
   446 | Abyss:2  | Noticed a thrashing horror
   447 | Abyss:2  | Noticed a small abomination
   460 | Abyss:2  | Noticed a starcursed mass
   486 | Abyss:2  | Noticed a hungry ghost
   507 | Abyss:2  | Noticed a small abomination
   510 | Abyss:2  | Noticed a small abomination
   517 | Abyss:2  | Noticed a sixfirhy
   520 | Abyss:2  | Noticed a large abomination
   522 | Abyss:2  | Noticed a large abomination
   523 | Abyss:2  | Noticed a rakshasa
   525 | Abyss:2  | Noticed a large abomination
   537 | Abyss:2  | Noticed a wretched star
   539 | Abyss:2  | Noticed a small abomination
   542 | Abyss:2  | Noticed an efreet
   565 | Abyss:2  | Noticed a shadow
   571 | Abyss:2  | Noticed an ancient zyme
   573 | Abyss:2  | Noticed a worldbinder
   578 | Abyss:2  | Noticed a tentacled starspawn
   586 | Abyss:2  | Noticed an ancient zyme
   629 | Abyss:2  | Noticed a small abomination
   646 | Abyss:2  | Noticed a large abomination
   661 | Abyss:2  | Noticed a smoke demon
   667 | Abyss:2  | Noticed a raiju
   670 | Abyss:2  | Noticed a ynoxinul
   671 | Abyss:2  | Noticed a raiju
   685 | Abyss:2  | Noticed a shadow
   696 | Abyss:2  | Noticed a raiju
   697 | Abyss:2  | Noticed an ancient lich
   703 | Abyss:2  | Noticed a blizzard demon
   729 | Abyss:2  | Noticed a raiju
   730 | Abyss:2  | Noticed a lich
   744 | Abyss:2  | Noticed a cyan very ugly thing
   744 | Abyss:2  | Noticed a cyan very ugly thing
   744 | Abyss:2  | Noticed a cyan very ugly thing
   747 | Abyss:2  | Noticed a cyan very ugly thing
   756 | Abyss:2  | Noticed a starcursed mass
   760 | Abyss:2  | Noticed a sixfirhy
   761 | Abyss:2  | Noticed a tormentor
   882 | Abyss:2  | Noticed a neqoxec
   885 | Abyss:2  | Noticed an iron imp
   912 | Abyss:2  | Noticed an orange demon
   912 | Abyss:2  | Noticed a raiju
   913 | Abyss:2  | Noticed a wretched star
   913 | Abyss:2  | Noticed a neqoxec
   914 | Abyss:2  | Noticed a hungry ghost
   925 | Abyss:2  | Noticed a wretched star
   985 | Abyss:2  | Noticed a freezing wraith
   991 | Abyss:2  | Noticed an earth elemental
   995 | Abyss:2  | Noticed a thrashing horror
   997 | Abyss:2  | Noticed a starcursed mass
  1026 | Abyss:2  | Noticed a wretched star
  1040 | Abyss:2  | Noticed a neqoxec
  1049 | Abyss:2  | Noticed a glowing orange brain
  1051 | Abyss:2  | Noticed a neqoxec
  1054 | Abyss:2  | Noticed a neqoxec
  1055 | Abyss:2  | Noticed a wretched star
  1058 | Abyss:2  | Noticed a raiju
  1058 | Abyss:2  | Noticed a small abomination
  1060 | Abyss:2  | Noticed a tentacled starspawn
  1061 | Abyss:2  | Noticed an ancient zyme
  1069 | Abyss:2  | Noticed a small abomination
  1070 | Abyss:2  | Noticed a neqoxec
  1100 | Abyss:2  | Noticed a raiju
  1104 | Abyss:2  | Noticed an apocalypse crab
  1106 | Abyss:2  | Noticed a smoke demon
  1120 | Abyss:2  | Noticed a raiju
  1145 | Abyss:2  | Noticed a ynoxinul
  1156 | Abyss:2  | Noticed a rakshasa
  1161 | Abyss:2  | Noticed a thrashing horror
  1162 | Abyss:2  | Noticed a starcursed mass
  1163 | Abyss:2  | Killed a raiju
  1165 | Abyss:2  | Noticed an iron imp
  1180 | Abyss:2  | Noticed a naga
  1207 | Abyss:2  | Noticed a spatial maelstrom
  1209 | Abyss:2  | Noticed a spatial vortex
  1210 | Abyss:2  | Noticed a small abomination
  1210 | Abyss:2  | Noticed a spatial vortex
  1210 | Abyss:2  | Demolished by a cyan very ugly thing

Action                   || total
-------------------------++-------
Melee: Hand axe          ||     2
       Kick              ||     1
Dodge: Dodged            ||     2
